Map: Deathaura LE

Players

visod - Winner!

  • Race: Protoss Protoss
  • League: Diamond
  • Spawn Location: 5:00

ThirdMarine

  • Race: Terran Terran
  • League: Diamond
  • Spawn Location: 11:00

VOD

Have the link to the VOD?

Description

Time

  • Played on: June 13, 2020, 10:43 a.m.
  • Length: 8:19
Show
View Real Time Build Order
Export as new Build Order

visod Protoss - Winner!

Build Orders:  

Get SALT Encoding   

  1  0:00  Probe  
  12  0:05  Probe  
  14  0:18  Pylon  
  14  0:24  Assimilator  
  14  0:27  Probe  
  15  0:40  Gateway  
  15  0:43  Probe  
  16  0:55  Probe  
  17  1:04  Probe  
  18  1:12  Probe  
  19  1:21  Probe  
  20  1:27  Cybernetics Core  
  20  1:33  Assimilator  
  20  1:34  Probe  
  21  1:49  Probe, Pylon  
  22  2:01  Pylon  
  22  2:08  Robotics Facility  
  22  2:09  Robotics Facility  
  22  2:14  Pylon  
  22  2:18  Stalker  
  24  2:53  Immortal  
  24  2:56  Immortal  
  32  3:07  Pylon  
  32  3:15  Probe  
  33  3:27  Observer  
  34  3:35  Immortal, Shield Battery  
  34  3:38  Shield Battery  
  38  3:44  Shield Battery  
  38  4:55  Immortal  
  38  4:56  Immortal  
  46  5:22  Stalker  
  46  5:27  Shield Battery  
  48  5:35  Immortal  
  52  5:53  Immortal  
  36  6:14  Immortal  
  39  6:32  Immortal  
  43  6:53  Immortal  
  43  7:11  Immortal  
  47  7:32  Immortal  
Show
View Real Time Build Order
Export as new Build Order

ThirdMarine Terran 

Build Orders: Reaper Expand 

Get SALT Encoding   

  12  0:00  SCV  
  13  0:13  SCV  
  14  0:18  Supply Depot  
  14  0:25  SCV  
  15  0:39  SCV  
  16  0:43  Barracks  
  16  0:49  Refinery  
  16  0:51  SCV  
  17  1:04  SCV  
  18  1:16  SCV  
  19  1:34  Reaper  
  19  1:37  Orbital Command  
  20  1:49  Command Center  
  20  2:03  Bunker  
  20  2:05  SCV  
  20  2:08  Barracks Reactor  
  21  2:14  Supply Depot  
  21  2:17  SCV  
  22  2:29  SCV  
  23  2:41  SCV  
  24  2:44  Marine x2  
  24  2:50  Factory  
  26  2:53  SCV  
  27  3:03  Barracks  
  27  3:05  Marine x2  
  29  3:13  Bunker  
  29  3:23  Marine x2  
  31  3:35  Widow Mine  
  31  3:41  Marine x2  
  33  3:44  Supply Depot  
  32  4:06  Refinery  
  32  4:07  Starport  
  32  4:10  Bunker, Marine x2, Factory Tech Lab  
  32  4:13  Supply Depot  
  34  4:28  Marine x2  
  34  4:29  SCV, Siege Tank  
  42  4:46  Marine x2  
  44  4:58  Liberator  
  44  5:11  Supply Depot  
  44  5:14  SCV  
  44  5:19  Supply Depot  
  45  5:23  Siege Tank  
  45  5:26  SCV  
  49  5:31  Supply Depot  
  47  5:41  Supply Depot  
  45  5:51  SCV  
  43  6:03  SCV  
  41  6:13  Marine, Siege Tank  
  41  6:14  Marine  
  41  6:15  SCV  
  47  6:28  SCV  
  45  6:40  SCV  
  45  6:42  Liberator  
  46  6:50  Marine  
  46  6:51  Marine  
  46  6:52  SCV  
  40  7:00  Supply Depot  
  39  7:01  Supply Depot  
  39  7:04  SCV  
  37  7:08  Marine  
  38  7:16  SCV  
  38  7:26  Marine  
  38  7:28  SCV  
  39  7:32  Siege Tank  
  39  7:34  Barracks x2  
  42  7:41  Bunker  
  42  7:42  SCV  
  43  7:44  Marine  
  43  7:54  SCV  
  29  8:07  SCV  
Tags
 
Add a new tag
Caveats
  • Supply blocks, unpowered buildings, or Contaminate may cause inaccurate times.
  • Supply counts are checked every 10 seconds.